 Dungeon Crawl Stone Soup version 0.29.1-12-g30fa7ad0bf (webtiles) character file.

Game seed: 7993277297136937975

807 GigaChad the Chopper (level 7, -3/63 HPs)
             Began as a Minotaur Fighter on Dec 19, 2022.
             Was an Initiate of Hepliaklqana.
             Splashed by a jelly's acid (4 damage)
             ... on level 5 of the Dungeon.
             The game lasted 00:07:31 (4146 turns).

GigaChad the Chopper (Minotaur Fighter)             Turns: 4146, Time: 00:07:32

Health: -3/63      AC:  4    Str: 29    XL:     7   Next: 60%
Magic:  0/6        EV: 10    Int:  5    God:    Hepliaklqana [......]
Gold:   293        SH:  5    Dex:  9    Spells: 6/6 levels left

rFire   . . .      SeeInvis .   a - +0 war axe
rCold   . . .      Faith    .   c - +0 buckler
rNeg    . . .      Spirit   +   b - +0 scale mail
rPois   .          Reflect  .   (helmet restricted)
rElec   .          Harm     .   y - +0 cloak
rCorr   .          Rampage  .   (no gloves)
Will    .....                   (no boots)
Stlth   ..........              t - amulet of guardian spirit
HPRegen 0.20/turn               r - +6 ring of strength
MPRegen 0.10/turn               (no ring)

@: corroded
A: horns 2, retaliatory headbutt
a: Renounce Religion


You were on level 5 of the Dungeon.
You worshipped Hepliaklqana.
Hepliaklqana was noncommittal.
You visited 1 branch of the dungeon, and saw 5 of its levels.
You also visited: Ossuary.

You collected 293 gold pieces.

Inventory:

Hand Weapons
 a - a +0 war axe (weapon)
Missiles
 n - a throwing net (quivered)
Armour
 b - a +0 scale mail (worn)
 c - a +0 buckler (worn)
 y - a +0 cloak (worn)
Jewellery
 r - a +6 ring of strength (left hand)
 t - an amulet of guardian spirit (around neck)
Scrolls
 g - 3 scrolls of teleportation
 h - a scroll of amnesia {unknown}
 j - 2 scrolls of vulnerability
 k - a scroll of summoning
 l - a scroll of enchant weapon {unknown}
 o - a scroll of poison {unknown}
 p - 2 scrolls of magic mapping
 s - 2 scrolls of butterflies
 v - a scroll of fear
 B - 2 scrolls of identify
 C - a scroll of immolation {unknown}
Potions
 d - 3 potions of might
 e - 6 potions of heal wounds {unknown}
 f - 4 potions of curing {unknown}
 i - 2 potions of attraction {unknown}
 m - 3 potions of haste {unknown}
 q - 3 potions of mutation {unknown}
 u - 2 potions of resistance {unknown}
 w - a potion of lignification {unknown}
 x - a potion of berserk rage {unknown}
 z - 2 potions of brilliance {unknown}
 A - a potion of degeneration {unknown}


   Skills:
 * Level 6.2 Fighting
 + Level 6.8 Axes
 + Level 5.5 Armour
 - Level 1.0 Dodging
 * Level 5.5 Shields


You had 6 spell levels left.
You didn't know any spells.
Your spell library contained the following spells:

 Spells                   Type           Power      Damage    Failure   Level
 Ensorcelled Hibernation  Hex/Ice        0%         N/A       91%         2
 Passwall                 Tmut/Erth      0%         N/A       91%         2
 Swiftness                Air            0%         N/A       99%         3


Dungeon Overview and Level Annotations

Branches:
Dungeon (5/15)            Ossuary (visited)
 Temple: D:4-7

Altars:
Elyvilon
Fedhas
Hepliaklqana
Sif Muna


Innate Abilities, Weirdness & Mutations

You have a pair of horns on your head.
You reflexively headbutt those who attack you in melee.


Message History

The centaur is almost dead.
The centaur hits you. You block the centaur's attack. x2
The centaur completely misses you.
You hit the centaur.
The centaur is almost dead.
You block the centaur's attack. The centaur barely misses you.
You hit the centaur.
You kill the centaur!
You now have 293 gold pieces (gained 10).
You see here a +0 shortbow.
An orc comes into view. It is wielding a +0 mace.
An orc is nearby!
The orc shouts!
An ogre comes into view. It is wielding a +0 giant club.
There are monsters nearby!
There are monsters nearby!
A jelly comes into view.
The jelly quivers.
You hit the orc.
The orc is heavily wounded.
The orc hits you with a +0 mace!
You slice the orc!!
You kill the orc!
The ogre barely misses you. You furiously retaliate!
You headbutt the ogre!
Things that are here:
a +0 mace; an orc corpse The jelly barely misses you.
You hit the ogre. You headbutt the ogre.
The ogre is severely wounded.
You slash the jelly! The acid corrodes you!
Your hands burn!
The ogre hits you with a +0 giant club!!
* * * LOW HITPOINT WARNING * * *
The jelly hits you.
* * * LOW HITPOINT WARNING * * *
You are splashed with acid!
* * * LOW HITPOINT WARNING * * *
You hit the ogre.
The ogre is almost dead.
You hit the jelly.
Your hands burn!
You die...

##.. ....#.#<#.
....#.###...####)#......
........#.....##.##.#†#.
................).......
..................#.#.#.
.............>......)...
..............))..#.#.#.
..............)..??#####
......J@O.....)†...#
.......)........####
...............##
........).)...##
....###~###.### ....
.#≈# #... #.# #.#≈#
###.# #. ...#≈# .?.
###.#≈#. ...


You could see an ogre and a jelly.

Vanquished Creatures
  A centaur (D:5)
  An ogre (D:5)
  A necrophage (D:4)
  2 water moccasin zombies (Ossuary)
  2 scorpions (D:5)
  A howler monkey (D:5)
  A hound (D:4)
  An orc priest (D:5)
  2 orc wizards
  2 mummies (Ossuary)
  4 adders
  2 ufetubi
  9 adder zombies (Ossuary)
  A worm (D:3)
  3 dart slugs
  10 orcs
  3 ball pythons
  3 bats
  9 endoplasms
  6 giant cockroaches
  6 goblins
  9 hobgoblins
  2 jackals (D:1)
  2 quokkas (D:1)
  4 frilled lizards
  A gnoll zombie (Ossuary)
  2 hobgoblin zombies (Ossuary)
  3 kobolds
  4 kobold zombies (Ossuary)
  5 orc zombies (Ossuary)
  5 rats
107 creatures vanquished.

Notes
Turn   | Place    | Note
-------+----------+-------------------------------------------
     0 | D:1      | GigaChad the Minotaur Fighter began the quest for the Orb.
     0 | D:1      | Reached XP level 1. HP: 19/19 MP: 0/0
    75 | D:1      | Reached XP level 2. HP: 27/27 MP: 1/1
   237 | D:1      | Found a faded altar of an unknown god.
   308 | D:1      | Reached XP level 3. HP: 33/33 MP: 2/2
  1549 | D:2      | Found a shimmering blue altar of Sif Muna.
  1589 | D:2      | Reached XP level 4. HP: 40/40 MP: 3/3
  2844 | D:4      | Reached skill level 1 in Dodging
  2892 | D:4      | Found a sand-covered staircase.
  2897 | Ossuary  | Entered an ossuary
  2959 | Ossuary  | Reached XP level 5. HP: 40/47 MP: 4/4
  3052 | Ossuary  | Reached skill level 5 in Axes
  3154 | Ossuary  | Reached skill level 5 in Fighting
  3154 | Ossuary  | Reached XP level 6. HP: 56/56 MP: 5/5
  3454 | D:4      | Found a blossoming altar of Fedhas.
  3624 | D:4      | Reached skill level 5 in Shields
  3830 | D:4      | Found a white marble altar of Elyvilon.
  3841 | D:4      | Found a hazy altar of Hepliaklqana.
  3898 | D:4      | Became a worshipper of Hepliaklqana the Forgotten
  3990 | D:5      | Entered Level 5 of the Dungeon
  3997 | D:5      | Reached skill level 5 in Armour
  3999 | D:5      | Reached XP level 7. HP: 59/62 MP: 6/6
  4145 | D:5      | HP: 1/63 [acid (7)]
  4146 | D:5      | Splashed by a jelly's acid

Illustrated notes

Levels and vault maps discovered:
D:1:      evilmike_arrival_hilbert_curve, layout_basic,
          hellmonk_ecumenical_altar_dog_temple, hex_large
D:2:      layout_basic, basic_altar
D:3:      layout_loops_ring
D:4:      layout_loops_ring, lemuel_round_altar, kennysheep_mini_moat,
          mainiacjoe_overflow_six_doors_small, nicolae_ossuary_entry_plus,
          minivault_25
D:5:      layout_rooms, grunt_decor_cap, st_stairs_8,
          eino_small_chamber_without_monster

Skill      XL: |  1  2  3  4  5  6  7 |
---------------+----------------------+-----
Fighting       | 4 5 6 |  6.2
Armour         | 4 5 |  5.5
Shields        | 4 5 |  5.5
Axes           | 3 4 5 6 |  6.8
Dodging        | 1 |  1.0

Action                   |  1- 3 |  4- 6 |  7- 9 || total
-------------------------+-------+-------+-------++-------
Melee: War axe           |    71 |   119 |    21 ||   211
       Headbutt          |     6 |    19 |     4 ||    29
  Use: Scroll            |     1 |     6 |       ||     7
Armor: Scale mail        |    35 |    34 |    18 ||    87
Dodge: Dodged            |    44 |    59 |    19 ||   122
Block: Buckler           |    13 |    31 |     8 ||    52
